AoeStats
← BOT Cangri

Arabia

503032425Analyzed
2v2 EW · 1mo ago on Aug 30, 2026· 6m 58s· 4 players
Game mode
Empire Wars
Map size
Medium (4 player)
Population
200
Speed
Normal
Resources
Standard
Victory
Conquest
Starting age
Feudal Age
Ending age
Imperial Age
RankedLock teamsTeams togetherTeam positionsShared explorationLock speedFull tech treeHidden civsTurbo modeCheats
Victory
Defeat
🇦🇷 Mongols · Argentina
1229
+11
🇦🇷 Ethiopians · Argentina
1185
+13
🇵🇪 Spanish · Peru
1139
-13
🇨🇱 Franks · Chile
1103
-20
BOT Cangri
0:39 Double-Bit Axe
8:38 Castle Age
larc87
7:34 Castle Age
5:47 Horse Collar
5:57 Double-Bit Axe
7:00 Padded Archer Armor
6:51 Fletching
MATIS24
6:25 Forging
Flor
1:28 Fletching
1:38 Padded Archer Armor
Connection lost

Rejoining the realm…

Still unreachable

The connection could not be restored.

Session expired

The server has moved on; the page needs a fresh start.